[Event "34th Pula Open 2022"]
[Site "Pula"]
[Date "2022.06.19"]
[Round "2.8"]
[White "Pastar, Slaven"]
[Black "Grbac, Boris"]
[Result "1-0"]
[ECO "A14"]
[WhiteElo "2300"]
[BlackElo "2120"]
[Annotator "TA"]
[PlyCount "133"]
[EventDate "2022.06.18"]
[EventType "swiss"]
[EventCountry "CRO"]
[SourceTitle "playchess.com"]
[Source "ChessBase"]
[SourceQuality "1"]
[TimeControl "5400+30"]

1. Nf3 d5 2. g3 Nf6 3. Bg2 c6 4. b3 e6 5. Bb2 Nbd7 6. O-O Be7 7. c4 O-O 8. Qc2 b6 9. d3 Bb7 10. e4 dxe4 {[%emt 0:06:05] A14: English Opening: 1...e6 with b3 by White.} 11. dxe4 Qc7 12. e5 Ng4 {[%emt 0:08:48][%cal Rg4e5,Bf6g4,Bg4h6,Bh6f5][%mdl 32] White has an edge.} 13. Qe4 Nh6 14. Nc3 {[%emt 0:05:50] [#]} Rfd8 $146 ({Predecessor:} 14... Nc5 15. Qe2 Rad8 16. Rad1 Rxd1 17. Rxd1 Rd8 18. Bc1 Rxd1+ 19. Qxd1 Ng4 20. Qd4 h5 {1-0 (37) Markowski,T (2558)-Theuermeister,P (1920) Dresden 2004}) 15. Rad1 Nf5 16. Qe2 Nf8 17. Ne4 c5 18. g4 Bxe4 19. Qxe4 Nh4 20. Nxh4 Bxh4 21. Rde1 ({White should try} 21. Rc1 $16) 21... Rab8 22. Re2 (22. Qe3 $14) 22... Qd7 (22... g5 $1 $11) 23. f4 $14 Be7 24. Bc1 Qd4+ 25. Be3 Qc3 ({Better is} 25... Qxe4 $14 26. Bxe4 Ng6) 26. Rc1 (26. f5 $16) 26... Qd3 27. Qxd3 Rxd3 28. Be4 Rd7 29. Kg2 Rbd8 30. h4 {[%emt 0:02:58][%cal Bh2h4,Bh4h5][%mdl 32] White is more active.} Rd1 (30... Bxh4 $11 {remains equal.} 31. g5 f5) 31. h5 $36 {[%emt 0:02:56][%mdl 2048] White is on the roll.} h6 32. Bc2 R1d7 33. Kf3 f6 34. exf6 Bxf6 35. Rg1 Kf7 36. g5 hxg5 37. fxg5 Bd4 38. h6 g6 (38... Kg8 $16) 39. Rf1 Kg8 40. Ref2 Rf7+ 41. Ke2 Rxf2+ 42. Rxf2 ({But not} 42. Bxf2 Bxf2 43. Rxf2 Rd4 $16) 42... Bxe3 43. Kxe3 $18 {[%emt 0:00:07][%mdl 4096] Endgame KRB-KRN} Rd4 44. Rf6 Rg4 45. Bxg6 {[%emt 0:03:01] Bf7+ is the strong threat.} Rxg5 46. Bf7+ Kh7 (46... Kh8 {was worth a try.} 47. Bxe6 Nh7) 47. Bxe6 Re5+ 48. Kf4 Rxe6 49. Rxf8 {[%emt 0:00:36] And now Rf7+ would win.} Kxh6 {[%emt 0:00:31] KR-KR} 50. Rf7 {[%emt 0:00:40] Black must now prevent Kf5.} a5 $2 (50... Kg6 51. Rxa7 Kf6) 51. Kf5 Re2 52. Rf6+ $2 (52. Rb7 Rxa2 53. Rxb6+ Kg7 54. Rb7+ Kf8 55. Ke6) 52... Kg7 {[%emt 0:00:07] Threatens to win with ...Rf2+.} 53. Rxb6 {[%emt 0:00:08] Hoping for a4.} Rxa2 (53... a4) 54. Ke6 a4 55. bxa4 Rxa4 56. Kd5 Kf7 57. Kxc5 Ke7 58. Rb4 $2 (58. Kb5 $1 {mates} Ra1 59. c5 Kd8 60. Rh6 Kc8 61. Kb6 Rc1 62. Rc6+ Kb8 63. Rg6) 58... Ra6 $11 59. Rb6 $2 (59. Kb5 $11 Rg6 60. Ka5) 59... Ra4 $1 {[%emt 0:00:23] [#]} 60. Kb5 $1 {[%emt 0:00:09] White mates.} Ra1 {[%emt 0:00:04] [#]} 61. Kc6 $1 ({Less strong is} 61. c5 Kd8 $16) 61... Kd8 62. Rb8+ Ke7 63. c5 Ra6+ 64. Kc7 Ra2 65. c6 Ke6 66. Re8+ Kd5 67. Kd7 {[%emt 0:00:19] Weighted Error Value: White=0.37/Black=0.28 (precise)} 1-0

[Event "34th Pula Open 2022"]
[Site "Pula"]
[Date "2022.06.19"]
[Round "2.9"]
[White "Grahn, Vidar"]
[Black "Maier, Christian"]
[Result "0-1"]
[ECO "C54"]
[WhiteElo "2023"]
[BlackElo "2299"]
[Annotator "TA"]
[PlyCount "142"]
[EventDate "2022.06.18"]
[EventType "swiss"]
[EventCountry "CRO"]
[SourceTitle "playchess.com"]
[Source "ChessBase"]
[SourceQuality "1"]
[TimeControl "5400+30"]

1. e4 e5 2. Nf3 Nc6 3. Bc4 Bc5 4. c3 Nf6 5. d3 a6 6. Nbd2 Ba7 7. Bb3 d6 8. h3 O-O 9. O-O h6 10. Re1 Re8 $1 {[%emt 0:09:24][%mdl 4] now scores much better than the old 10...Nh5. C54: Giuoco Piano: 4 c3 Nf6, main lines with 5 d4 and 5 d3.} 11. a4 Be6 12. Nc4 Ne7 {[%emt 0:08:25] [#] The position is equal.} 13. Bc2 $146 ({Predecessor:} 13. a5 Ng6 14. Be3 Bxe3 15. Rxe3 Qe7 16. d4 Rad8 17. d5 Bc8 18. Ba4 Rf8 19. b4 {½-½ (58) Bojkov,D (2544)-Clery,N (2392) Belgium 2011}) 13... Ng6 14. Be3 Bxc4 15. dxc4 Bxe3 16. Rxe3 a5 17. g3 Qd7 18. Kg2 Qc6 19. b3 Nd7 20. h4 Nf6 21. Nh2 Qd7 22. h5 (22. Re1 $11) 22... Nf8 $15 23. Qe2 Ne6 24. Rh1 Ng5 25. Nf3 Nxf3 26. Rxf3 Qe7 27. Rh4 Rad8 28. b4 Nh7 29. b5 Ng5 30. Re3 Ne6 31. Rg4 Kh8 32. Rf3 Rg8 33. Qd2 Kh7 34. Rh4 c6 35. Rf5 Kh8 36. Rg4 Ng5 37. f4 $2 {[%emt 0:02:01][%mdl 8192] [#] Loses the game.} (37. Bb3 $17) 37... Nh7 $1 $19 38. fxe5 dxe5 39. Qf2 Nf6 40. Rh4 c5 41. Rh1 Rd7 42. Rd1 Rxd1 43. Bxd1 Rd8 ({Worse is} 43... Nxe4 44. Qe3 Nf6 45. Rxe5 $11) 44. Bc2 (44. Qc2 $17 {might work better.}) 44... Kg8 45. Rf3 (45. Qe2 {was necessary.}) 45... Nxh5 {[%emt 0:00:10] Threatens to win with ...Qg5.} 46. Rd3 Rxd3 47. Bxd3 {[%emt 0:00:08][%mdl 4096] Endgame KQB-KQN} Nf6 48. Qf3 g6 49. Kf2 (49. Be2 $142) 49... Kg7 50. Bf1 Qd7 {[%emt 0:00:07] Prevents Bh3. White must now prevent ...Qd2+.} 51. Qd3 (51. Ke1 $142 b6 52. Qe2) 51... Qxd3 52. Bxd3 {[%emt 0:00:06] KB-KN} h5 53. Kf3 Ng4 54. Bc2 Kf6 55. Bd3 Kg5 56. Bc2 Nf6 {[%emt 0:00:21] [#] Hoping for ...b6.} 57. Bd3 Nd7 {[%emt 0:00:07] aiming for ...f5.} 58. Bc2 Nb6 59. Bb3 f6 60. Kg2 f5 61. Kf3 Nd7 {[%emt 0:00:49] ...Nf6 is the strong threat.} 62. Bc2 Nf6 63. exf5 gxf5 {[%emt 0:00:05] Black mates.} 64. Kg2 e4 65. Bd1 Ng4 66. Be2 h4 67. gxh4+ Kxh4 68. Kf1 Kg3 69. Ke1 f4 70. Bd1 Ne3 71. Bh5 f3 {[%emt 0:00:12] Weighted Error Value: White=0.69/Black=0.21 (precise)} 0-1

[Event "34th Pula Open 2022"]
[Site "Pula"]
[Date "2022.06.19"]
[Round "2.10"]
[White "Cupic, Lovro"]
[Black "Stewart, Ashley"]
[Result "1/2-1/2"]
[ECO "B27"]
[WhiteElo "2271"]
[BlackElo "2076"]
[Annotator "TA"]
[PlyCount "133"]
[EventDate "2022.06.18"]
[EventType "swiss"]
[EventCountry "CRO"]
[SourceTitle "playchess.com"]
[Source "ChessBase"]
[SourceQuality "1"]
[TimeControl "5400+30"]

1. e4 c5 2. Nf3 g6 3. d4 cxd4 4. Qxd4 Nf6 5. e5 Nc6 6. Qa4 Nd5 7. Qe4 Nb6 {[%emt 0:00:05] B27: Sicilian: 2 Nf3, unusual Black 2nd moves.} 8. Nc3 Bg7 9. Bf4 O-O {[%emt 0:02:10] The position is equal.} 10. O-O-O $1 f6 (10... d6 $11 {remains equal.}) 11. exf6 (11. Bc4+ $16 Nxc4 12. Qxc4+ Kh8 13. e6) 11... Bxf6 (11... Rxf6 $11 12. Bb5 Rf5) 12. Bh6 {White is much more active.} (12. Bc4+ $16 Nxc4 13. Qxc4+ e6 14. Bd6) 12... Re8 {[#]} (12... Bxc3 $11 {keeps the balance.} 13. Bxf8 (13. bxc3 d5 $11) 13... Bxb2+ 14. Kxb2 Qxf8) 13. Ng5 $146 (13. Nd5 $16) ({Predecessor:} 13. h4 d5 14. Nxd5 Nxd5 15. Rxd5 Qb6 16. Rb5 Qxf2 17. Be3 Qg3 18. Bc4+ Kg7 19. Bf4 {½-½ (33) Darini,P (2474)-Molaei,M (2230) Mashhad 2016}) 13... e6 (13... Bxc3 $11 14. Bc4+ (14. bxc3 d5 $11) 14... e6 15. bxc3 Qf6) 14. h4 (14. Qe3 $1 $16) 14... d5 $11 15. Qf4 (15. Qe1 $11) 15... e5 $15 16. Qh2 {[%emt 0:00:00] [#]} (16. Qg3 $15) 16... Nd4 $1 $17 17. Nf3 $2 (17. Bb5 $17) 17... Bg4 {[%emt 0:07:40] Threatens to win with ...Rc8.} 18. Be2 $2 (18. Be3) 18... Nxe2+ $19 19. Nxe2 e4 20. Nfd4 Bxd4 $2 (20... Nc4 $19 21. b3 e3 22. bxc4 exf2) 21. Nxd4 $17 Bxd1 22. Rxd1 Qf6 23. g4 {[%emt 0:00:00] [#]} (23. Qg3 $142) 23... Rac8 ({Better is} 23... Nc4 $1 {...Rac8 is the strong threat.} 24. Kb1 Rac8) 24. Bg5 Qe5 25. Bf4 Qg7 26. h5 Nc4 27. hxg6 hxg6 28. c3 Ne5 29. Bxe5 Rxe5 30. Rg1 Qh8 31. Qg3 Rce8 32. Ne2 (32. Kb1 $17) 32... Qf6 33. Qe3 Qg5 34. Kd2 Qxe3+ 35. Kxe3 $19 {[%emt 0:04:31][%mdl 4096] Endgame KRR-KRN} R5e6 36. Nf4 Rd6 37. Rd1 Red8 38. Kd4 (38. g5 $17 {was necessary.}) 38... g5 39. Nh3 Rg6 40. Ke5 $2 (40. Rf1 {keeps fighting.}) 40... Kf7 41. Rxd5 Re6+ 42. Kd4 Rxd5+ 43. Kxd5 {[%emt 0:00:04] KR-KN} Kf6 44. Kd4 Rd6+ (44... e3 $142 {( -> ...e2)} 45. fxe3 Rd6+ 46. Ke4 Rd2) 45. Kxe4 Rd2 46. b4 Re2+ 47. Kd5 Rxa2 48. f4 gxf4 49. Nxf4 a5 ({Black should play} 49... Rd2+ $17 50. Ke4 Kg5) 50. bxa5 $11 {[%emt 0:00:42] Black has an edge.} Rxa5+ 51. Kd6 Ra4 52. Nd5+ Kg5 53. Kc7 Ra5 54. c4 Rc5+ 55. Kxb7 Rxc4 56. Kb6 Rxg4 57. Kc5 Rg1 58. Kd4 Kf5 59. Ne3+ Ke6 60. Ke4 Ra1 61. Nc4 Rd1 62. Ne3 Re1 63. Kd4 Kf6 64. Ke4 Kg5 65. Kd4 Ra1 66. Ke4 Ra4+ 67. Ke5 {[%emt 0:00:08] White happily takes the draw.  Weighted Error Value: White=0.36/Black=0.32} 1/2-1/2

[Event "34th Pula Open 2022"]
[Site "Pula"]
[Date "2022.06.19"]
[Round "2.11"]
[White "Karlusic, Luka"]
[Black "Novosel, Lovro"]
[Result "1/2-1/2"]
[ECO "E00"]
[WhiteElo "2054"]
[BlackElo "2279"]
[Annotator "TA"]
[PlyCount "96"]
[EventDate "2022.06.18"]
[EventType "swiss"]
[EventCountry "CRO"]
[SourceTitle "playchess.com"]
[Source "ChessBase"]
[SourceQuality "1"]
[TimeControl "5400+30"]

1. d4 Nf6 2. c4 e6 3. Bg5 Bb4+ 4. Nd2 c5 5. a3 Bxd2+ 6. Qxd2 {[%emt 0:00:07] E00: Catalan Bogo-Indian (3 g3 Bb4+).} cxd4 7. Nf3 {[%emt 0:01:27] [#]} O-O $146 (7... Ne4 $5 8. Bxd8 Nxd2 9. Kxd2 Kxd8 $11) ({Predecessor:} 7... Nc6 8. Nxd4 Ne4 9. Nxc6 bxc6 10. Bxd8 Nxd2 11. Kxd2 Kxd8 12. b4 d5 13. cxd5 cxd5 {½-½ (51) Piceu,T (2345)-Wiley,T (2317) Namur 2006}) 8. Nxd4 {[%emt 0:00:30] White is slightly better.} d5 9. cxd5 Qxd5 {[%emt 0:00:30] [#] ...Ne4 is the strong threat.} 10. Bxf6 gxf6 11. Nf3 Qxd2+ 12. Nxd2 Rd8 13. Rc1 Bd7 14. e3 Bc6 15. Be2 Nd7 16. Nf3 Kf8 17. O-O Ne5 18. Nd4 Bd5 19. Rc7 Nc6 20. Nxc6 Bxc6 21. Bh5 Rd7 {[%emt 0:00:50] The position is equal.} 22. Rxd7 Bxd7 $11 {[%emt 0:00:04][%mdl 4096] Endgame KRB-KRB} 23. Rc1 Bc6 24. Bf3 Bxf3 25. gxf3 {[%emt 0:00:08] KR-KR} Re8 26. Kf1 Re7 27. Rc8+ Kg7 28. Ke2 Rd7 29. b4 a6 30. a4 h6 31. h3 Kg6 32. f4 f5 33. Rc5 Rd6 34. b5 axb5 35. Rxb5 b6 36. a5 bxa5 37. Rxa5 Rb6 38. Kf3 Rb1 39. Ra8 Rh1 40. Kg2 Rd1 41. Rg8+ Kf6 42. Kf3 Ra1 43. Rh8 Kg7 44. Rb8 Ra6 45. Kg3 f6 46. Rb7+ Kg6 47. Re7 Rb6 48. Kf3 Ra6 {[%emt 0:00:41] Weighted Error Value: White=0.03 (flawless) /Black=0.02 (flawless)} 1/2-1/2

[Event "34th Pula Open 2022"]
[Site "Pula"]
[Date "2022.06.19"]
[Round "2.12"]
[White "Lim, Zhuo Ren"]
[Black "Kejzar, Petra"]
[Result "1/2-1/2"]
[ECO "E05"]
[WhiteElo "2290"]
[BlackElo "2055"]
[Annotator "TA"]
[PlyCount "99"]
[EventDate "2022.06.18"]
[EventType "swiss"]
[EventCountry "CRO"]
[SourceTitle "playchess.com"]
[Source "ChessBase"]
[SourceQuality "1"]
[TimeControl "5400+30"]

1. Nf3 Nf6 2. c4 e6 3. d4 d5 4. g3 Be7 5. Bg2 O-O 6. O-O dxc4 7. Ne5 Nc6 8. Bxc6 bxc6 9. Nxc6 Qe8 10. Nxe7+ Qxe7 11. Qc2 c5 $1 {[%emt 0:29:13] The main line 11...c5 scores better than 11...e5.} 12. Qxc4 cxd4 13. Qxd4 e5 {[%emt 0:00:30] E05: Open Catalan: 5 Nf3 Be7.} 14. Qh4 Rd8 {[%emt 0:00:30] aiming for ...Rd4.} 15. Bg5 Rd4 {[%emt 0:00:30] White is slightly better.} 16. Bxf6 gxf6 {[%emt 0:00:30] [#]} 17. Qh6 $146 ({Predecessor:} 17. e4 Bb7 18. Nc3 Rad8 19. Rfe1 Qe6 20. Re3 Kh8 21. Rc1 Rc8 22. Rce1 Rg8 23. Qh5 {1-0 (43) Troff,K (2443)-Chiang,S (2101) Saint Louis 2013}) 17... Rb8 18. b3 $1 Rb6 19. Rc1 (19. Nc3 $16) 19... Qd7 (19... Bb7 $1 $11) 20. Nc3 (20. Na3 $16) 20... Bb7 21. f3 f5 $1 22. Qe3 f4 23. Qxe5 {[%emt 0:00:30] Black must now prevent Rd1.} fxg3 (23... Re6 $1 $14 24. Qb8+ Re8 25. Qxa7 fxg3 26. hxg3 Qh3 27. Qxd4 Bxf3 28. exf3 Qxg3+ 29. Kh1 Qh3+ 30. Kg1 Qg3+ 31. Kh1 Qh3+ 32. Kg1 Qg3+) 24. hxg3 $18 Re6 25. Qc5 Rg6 {[%emt 0:00:30] [#]} 26. Kf2 ({Worse is} 26. Qxa7 Rxg3+ 27. Kf2 Rg2+ 28. Kxg2 Bxf3+ 29. Kf2 Qxa7 $11) 26... Rdd6 27. Ne4 (27. Qe5 $18 {has better winning chances.}) 27... Bxe4 $16 28. Qc8+ Kg7 {[%emt 0:00:30][%cal Od7e7] Strongly threatening ...Qe7!} 29. Qxd7 ({Reject} 29. fxe4 Rdf6+ 30. Ke1 Qd6 $11) 29... Rxd7 30. fxe4 {[%emt 0:00:30][%mdl 4096] Endgame KRR-KRR} Re6 31. Rc4 Kf6 (31... Ra6 $16) 32. Rh1 $18 Kg6 33. Ra4 Re5 34. Kf3 h5 35. Kf4 f6 36. Rc1 a5 37. Rc6 Rd1 38. Ra6 (38. Kf3 $18) 38... Rg5 $14 39. Kf3 Rg1 40. R4xa5 R5xg3+ 41. Kf2 $1 {[%emt 0:00:30] Threatens to win with e5.} h4 $2 (41... R1g2+ $11 {and Black has nothing to worry.} 42. Ke1 Re3) 42. Rf5 $18 R1g2+ 43. Ke1 h3 (43... Kg7 $16) 44. Rfxf6+ ({Stronger than} 44. Raxf6+ Kg7 45. Rf7+ Kg8 46. Rf8+ Kg7 47. R8f7+ Kg8 48. Rf8+ Kg7 $11) 44... Kg7 {[%emt 0:00:30] [#] ...h2 is the strong threat.} 45. Rh6 $2 (45. Rfc6 $1 $18) 45... Re3 $11 {[%emt 0:00:30][%csl LRe2,LRe4] The position is equal.} 46. Kf1 {[%emt 0:00:30][%cal Oh6h3] And now Rxh3! would win.} Rgxe2 47. Rag6+ Kf7 48. Rf6+ Kg7 49. Rfg6+ Kf7 50. Rf6+ {[%emt 0:00:30] Weighted Error Value: White=0.20 (precise) /Black=0.28 (precise)} 1/2-1/2

[Event "34th Pula Open 2022"]
[Site "Pula"]
[Date "2022.06.20"]
[Round "3.1"]
[White "Jurakic, Lukas"]
[Black "Fercec, Nenad"]
[Result "0-1"]
[ECO "B94"]
[WhiteElo "2147"]
[BlackElo "2415"]
[Annotator "TA"]
[PlyCount "116"]
[EventDate "2022.06.18"]
[EventType "swiss"]
[EventCountry "CRO"]
[SourceTitle "playchess.com"]
[Source "ChessBase"]
[SourceQuality "1"]
[TimeControl "5400+30"]

1. e4 c5 2. Nf3 d6 3. d4 cxd4 4. Nxd4 Nf6 5. Nc3 a6 6. Bg5 Nbd7 7. f4 {[%emt 0:00:26] 7.Qe2 is the recent fashion.} Qa5 {[%emt 0:00:53] B94: Sicilian Najdorf: 6 Bg5 Nbd7.} 8. Qe2 e5 9. Nb3 Qc7 {[%emt 0:00:08] The position is equal.} 10. O-O-O b5 {[%emt 0:00:09] [#]} 11. fxe5 $146 ({Predecessor:} 11. Nd5 Nxd5 12. exd5 g6 13. fxe5 Nxe5 14. Qd2 h5 15. Be2 Bg7 16. Qa5 Qxa5 17. Nxa5 {½-½ (25) Peng,H (2256)-Liu,Z (1969) Jiangmen 2018}) 11... dxe5 12. g3 Be7 ({Black should play} 12... h6 $15 13. Be3 Bb4) 13. h4 $11 Nb6 14. Bg2 (14. Bxf6 $11 Bxf6 15. Bg2) 14... Bg4 $15 15. Bf3 Bxf3 16. Qxf3 Rc8 (16... b4 $5 17. Nd5 Nfxd5 18. exd5 Rc8 $11) 17. Rh2 {[%emt 0:08:07] [#]} (17. Bxf6 $11 {keeps the balance.} Bxf6 18. Rh2) 17... O-O (17... b4 $1 $17 18. Nd5 Nfxd5 19. exd5 f6) 18. Bxf6 Bxf6 19. Nd5 Nxd5 20. Rxd5 Rfd8 21. Rxd8+ Rxd8 22. Rd2 Rxd2 23. Kxd2 {[%emt 0:01:50][%mdl 4096] Endgame KQB-KQN} Be7 24. Qd3 Qb6 25. Qe3 {[%emt 0:04:37] Inhibits Qf2+.} Qc6 26. c3 g6 27. Nc1 b4 28. Qd3 bxc3+ 29. bxc3 Qb6 30. Ne2 Qb2+ 31. Qc2 Qb7 {[%emt 0:00:57] Black is more active.} 32. Qa4 Kg7 33. Qc4 Qb2+ 34. Ke3 Qb6+ 35. Kf3 Bc5 {[%emt 0:00:24] ...Qf6+ is the strong threat.} 36. Kg2 Be3 {[%emt 0:03:40] aiming for ...Qf6.} 37. Qd3 h5 38. Kf3 $2 {[%emt 0:02:10] This costs White the game.} (38. a4 $17) 38... Bc5 $19 {[%emt 0:00:10] Hoping for ...Qf6+.} 39. Kg2 {[%emt 0:00:31] [#]} Qf6 $1 40. Qf3 Qe6 41. Nc1 Ba7 42. Qe2 Qc6 43. c4 Qc5 {[%emt 0:01:37] Threatens to win with ...Qg1+.} 44. Nb3 $2 (44. Kf3 {was the crucial defense.}) 44... Qg1+ 45. Kf3 a5 {[%emt 0:02:20] Strongly threatening ...Qh1+.} 46. Nd2 Qh1+ 47. Qg2 Qa1 48. Qe2 (48. Ke2 $142 Bd4 49. Qf3) 48... Qxa2 {[%emt 0:00:35] And now ...Qa1 would win.} 49. Qd3 Qa1 50. Ke2 {[%emt 0:00:40] Against Qe1+} Bd4 51. Nb3 Qb2+ 52. Kd1 a4 53. Nxd4 Qxd4 {[%emt 0:02:38] Black mates.} 54. Kc2 Qxd3+ 55. Kxd3 {[%emt 0:00:05] KP-KP} a3 56. Kc3 f5 57. c5 Kf7 58. Kb3 fxe4 {[%emt 0:00:36] Weighted Error Value: White=0.50/Black=0.15 (very precise)} 0-1

[Event "34th Pula Open 2022"]
[Site "Pula"]
[Date "2022.06.20"]
[Round "3.2"]
[White "Cvitan, Ena"]
[Black "Popovic, Milan S"]
[Result "0-1"]
[ECO "E61"]
[WhiteElo "2251"]
[BlackElo "2383"]
[Annotator "TA"]
[PlyCount "56"]
[EventDate "2022.06.18"]
[EventType "swiss"]
[EventCountry "CRO"]
[SourceTitle "playchess.com"]
[Source "ChessBase"]
[SourceQuality "1"]
[TimeControl "5400+30"]

1. d4 Nf6 2. c4 g6 3. Nc3 d6 4. e4 Nbd7 5. Be3 e5 6. d5 {[%emt 0:00:06] E61: King's Indian: Early deviations for White, including Smyslov System.} h5 7. f3 Bh6 8. Bxh6 {[%emt 0:00:06] White is slightly better.} Rxh6 9. Qd2 Rh8 10. h4 a5 {[%emt 0:02:50] [#]} 11. g3 $146 ({Predecessor:} 11. Nh3 Nc5 12. Nf2 Kf8 13. Be2 Bd7 14. g3 Kg7 15. Nd3 Nxd3+ 16. Bxd3 Ng8 17. O-O-O {0-1 (40) Bolognese,L (2069)-Dobrikov,M (2301) Bassano del Grappa 2021}) 11... Nc5 12. Bh3 c6 13. O-O-O cxd5 14. Nxd5 Nxd5 15. Qxd5 Ke7 (15... f5 $11) 16. Qd2 (16. Kb1 $14) 16... Be6 (16... Bxh3 $11 17. Rxh3 Rc8) 17. Qg5+ $2 {[%emt 0:04:12] [#]} (17. Bxe6 $1 $14 Nxe6 18. Kb1) 17... f6 $1 $17 18. Qe3 (18. Qxg6 Bf7 19. Qf5 (19. Qg7 $2 Qb6 $19) 19... Qe8 $19) 18... Bxc4 19. b3 $2 {[%emt 0:00:05] This move loses the game for White.} (19. Kb1 $17) 19... Bf7 $19 20. Rh2 Qb6 21. Rb2 a4 22. bxa4 Qc6 {[%emt 0:00:27] [#] aiming for ...Nd3+.} 23. Rc2 $2 (23. Kd2 {is the only way for White.}) 23... Rxa4 {[%emt 0:00:30] White must now prevent ...Rha8.} 24. Ne2 Rxa2 25. Rxc5 $2 (25. Rxa2 Bxa2 26. Kd2) 25... Qxc5+ {[%emt 0:00:56] Black is clearly winning.} 26. Qxc5 dxc5 27. Rd7+ Kf8 28. Nc3 Rh2 {[%emt 0:00:03] Weighted Error Value: White=0.61/Black=0.11 (very precise)} 0-1

[Event "34th Pula Open 2022"]
[Site "Pula"]
[Date "2022.06.20"]
[Round "3.3"]
[White "Lindgren, Philip"]
[Black "Babic, Drasko"]
[Result "0-1"]
[ECO "E11"]
[WhiteElo "2369"]
[BlackElo "2205"]
[Annotator "TA"]
[PlyCount "116"]
[EventDate "2022.06.18"]
[EventType "swiss"]
[EventCountry "CRO"]
[SourceTitle "playchess.com"]
[Source "ChessBase"]
[SourceQuality "1"]
[TimeControl "5400+30"]

1. d4 Nf6 2. c4 e6 3. Nf3 Bb4+ 4. Nbd2 O-O 5. a3 Be7 6. e4 d6 {[%emt 0:00:45][%cal Oe6e5] E11: Bogo-Indian.} 7. Be2 Nfd7 8. Nb1 {[%emt 0:05:41] [#]} Bf6 $146 {[%emt 0:05:00] The position is equal.} ({Predecessor:} 8... d5 9. Nc3 dxe4 10. Nxe4 Nf6 11. Qc2 Nbd7 12. Neg5 c5 13. Be3 Qa5+ 14. Kf1 Qc7 {0-1 (74) Carlsen,M (2863)-Ivanchuk,V (2678) chess24.com INT 2020}) 9. Nc3 c5 10. Be3 Nc6 11. d5 exd5 12. exd5 (12. cxd5 {might be stronger.} Bxc3+ 13. bxc3) 12... Bxc3+ $11 13. bxc3 Nce5 14. Nd2 (14. Nxe5 $11 Nxe5 15. O-O) 14... f5 $17 15. g3 Ng4 (15... Qe7 $17 16. h4 f4 17. gxf4 Ng6) 16. Nf1 (16. Bf4 $15) 16... Nxe3 $19 17. Nxe3 f4 18. gxf4 {[%emt 0:01:47] [#]} Rxf4 ({Black should try} 18... Nb6 $1 $19 19. Qd2 Qe7) 19. Ng2 $17 Rf7 20. O-O Qf6 21. Qd2 Ne5 22. f4 Ng6 23. Bh5 Bf5 24. Rae1 Re7 25. Bxg6 hxg6 26. Rxe7 Qxe7 27. Re1 {[%emt 0:00:05] Against Qe4} Qf6 28. Qe3 ({White should play} 28. Re3 $15) 28... Kf7 29. Qg3 Re8 30. Rxe8 Kxe8 $15 {[%emt 0:00:08][%mdl 4096] Endgame KQB-KQN} 31. Nh4 Kd7 (31... Bc2 $17) 32. Kf2 (32. Nxf5 $15 Qxf5 33. Qe3) 32... Kc7 (32... Be4 $17) 33. Ke2 (33. Nxf5 $11 {and White is okay.} Qxf5 34. Qe3) 33... Qe7+ (33... Bb1 $19 34. Kd2 Qe7) 34. Kd2 {[%emt 0:00:13] [#]} (34. Kf2 $17 {was called for.}) 34... Kb6 $2 (34... Bb1 $1 $19 {And now ...Qe4 would win.} 35. Qe1 Qxe1+ 36. Kxe1 Bd3) 35. Nxf5 $11 gxf5 {[%emt 0:00:18] KQ-KQ} 36. Qg6 Ka5 37. Qxf5 Qh4 38. Qd7 Qxf4+ 39. Kc2 Qxc4 40. Qxd6 Qe2+ 41. Kc1 $1 Kb5 {[%emt 0:02:33] aiming for ...Qe3+.} 42. Qd7+ Kc4 {[%emt 0:00:35] White must now prevent ...Qe1+.} 43. Qxb7 $2 {[%emt 0:00:35][%mdl 8192] Black keeps a firm grip on the game.} (43. Qxg7 $15 Qxh2 44. Qg4+ Kxc3 45. Qg7+ Kc4 46. Qg4+ Kc3 47. Qf3+ Kd4 48. Qg4+ Kc3) 43... Qe1+ $19 44. Kb2 {[%emt 0:00:31] Hoping for Qb3+.} Qxc3+ 45. Ka2 Qd2+ 46. Kb1 Qe1+ 47. Kc2 Qe4+ 48. Kb2 Qg2+ 49. Kb1 Qh1+ 50. Ka2 $2 (50. Kc2 Qxh2+ 51. Kb1) 50... Qxh2+ 51. Kb1 Qh1+ 52. Kb2 Qg2+ 53. Kb1 Kc3 54. Qb5 (54. Ka1 $19 Qh1+ 55. Ka2 Qh2+ 56. Kb1 Qc2+ 57. Ka1) 54... Qh1+ {[%emt 0:03:20] Black mates.} 55. Ka2 Qxd5+ 56. Ka1 Qd4 57. Qb1 Kd2+ 58. Ka2 Qc4+ {[%emt 0:00:13] Weighted Error Value: White=0.46/Black=0.20 (precise)} 0-1